 Dungeon Crawl Stone Soup version 0.31.0-11-ge490571c62 (webtiles) character file.

Game seed: 16203900245335052856

46 qw the Shooter (level 3, -1/18 HPs)
             Began as a Spriggan Hunter on Feb 5, 2024.
             Slain by an adder (2 damage)
             ... on level 2 of the Dungeon.
             The game lasted 00:00:04 (1094 turns).

qw the Shooter (Spriggan Hunter)                    Turns: 1094, Time: 00:00:04

Health: -1/18      AC:  2    Str:  7    XL:     3   Next: 44%
Magic:  4/4        EV: 19    Int: 10    God:
Gold:   12         SH:  0    Dex: 20    Spells: 2/2 levels left

rFire   . . .        a - +0 shortbow
rCold   . . .        (shield currently unavailable)
rNeg    . . .        c - +0 robe
rPois   .            (helmet restricted)
rElec   .            (no cloak)
rCorr   .            (gloves unavailable)
SInv    +            (boots unavailable)
Will    .....        (no amulet)
Stlth   ++           (no ring)
HPRegen 0.23/turn    (no ring)
MPRegen 0.09/turn

%: no passive effects
@: lethally poisoned (-1 -> -6), very quick
A: very small, no large weapons, unfitting armour, see invisible, speed 3
a: no special abilities


You were on level 2 of the Dungeon.
You visited 1 branch of the dungeon, and saw 2 of its levels.

You collected 68 gold pieces.
You spent 56 gold pieces at shops.


Innate Abilities, Weirdness & Mutations

You are very small and have problems with some larger weapons.
You are too small for most types of armour.
You have supernaturally acute eyesight. (SInv)
You cover ground extremely quickly. (Speed+++)


   Skills:
 - Level 1.5 Fighting
 + Level 4.7 Ranged Weapons
 - Level 4.0 Dodging
 - Level 1.5 Stealth


You had 2 spell levels left.
You didn't know any spells.
Your spell library was empty.

Inventory:

Hand Weapons
 a - a +0 shortbow (weapon)
Armour
 c - a +0 robe (worn)
Scrolls
 b - 3 scrolls of identify
Potions
 d - 2 potions of brilliance {unknown}
 e - a potion of lignification {unknown}

Dungeon Overview and Level Annotations

Branches:
Dungeon (2/15)

Altars:

Shops:
D:2 ?

Annotations:
D:2 Terence


Message History

You shoot an arrow.
The arrow barely misses the ball python.
The ball python completely misses you. The ball python grabs you.
The ball python constricts you.
You shoot an arrow. The arrow hits the ball python!
You kill the ball python!
A kobold comes into view. It is wielding a +0 short sword.
You shoot an arrow. The arrow hits the kobold.
You kill the kobold!
Found a scale mail.
Things that are here:
a +0 short sword; a stone; a kobold corpse
There is a stone staircase leading down here.
Terence and an adder come into view.
Terence is wielding a +0 trident and wearing a +3 scale mail of cold resistance.
Found a sling.
You shoot an arrow.
The arrow hits Terence but does no damage.
You shoot an arrow. The arrow closely misses the adder.
The adder hisses angrily.
The arrow hits Terence.
Terence is moderately wounded.
You shoot an arrow. The arrow closely misses the adder.
The arrow hits Terence but does no damage.
Terence is moderately wounded.
Terence shouts, "Now you die!"
You shoot an arrow. The arrow hits the adder.
The adder is lightly wounded.
You shoot an arrow. The arrow hits the adder.
The adder is heavily wounded.
The adder bites you. x2
You are poisoned.
The adder poisons you!
You shoot an arrow. The arrow misses the adder.
The arrow hits Terence.
Terence is heavily wounded.
You feel sick.
Terence hits you from afar with a +0 trident!
Ouch! That really hurt!
The adder bites you.
You die...

.....#..##
####.#..# ).# ##
#.#..# #.#
.###.#..# #.#
........# #.#
.###.#.## #.# .#
#.#.# #@# .# #.#.#
#S# .###.#[## #@#
..##....# #.#
##.#.#.## #.#
##...#.### #.#
...#.....# #.#
..##.....#######.#
.................#
..##..<..#########
..##.....#


You could see Terence and an adder.

Vanquished Creatures
  A dart slug (D:2)
  7 ball pythons
  2 endoplasms
  3 giant cockroaches (D:1)
  3 goblins (D:1)
  5 hobgoblins
  6 jackals (D:1)
  A quokka (D:1)
  3 bats (D:1)
  2 frilled lizards
  4 kobolds
  2 rats (D:1)
39 creatures vanquished.

Notes
Turn   | Place    | Note
-------+----------+-------------------------------------------
     0 | D:1      | qw the Spriggan Hunter began the quest for the Orb.
     0 | D:1      | Reached XP level 1. HP: 10/10 MP: 2/2
     0 | D:1      | 0 ||| qw: Version: 0.3-a-160-g6735b56
     0 | D:1      | 0 ||| qw: Game counter: 6124
     0 | D:1      | 0 ||| qw: Melee chars always use a shield: true
     0 | D:1      | 0 ||| qw: God list: Okawaru
     0 | D:1      | 0 ||| qw: Allow faded altars: false
     0 | D:1      | 0 ||| qw: Do Orc after clearing Dungeon:15 true
     0 | D:1      | 0 ||| qw: Do second Lair branch before Depths: true
     0 | D:1      | 0 ||| qw: Lair rune preference: random
     0 | D:1      | 0 ||| qw: Goals: Normal
     0 | D:1      | 0 ||| PLANNING D:1-11
    12 | D:1      | Reached skill level 3 in Dodging
    82 | D:1      | Reached XP level 2. HP: 14/14 MP: 3/3
    95 | D:1      | Found a faded altar of an unknown god.
   295 | D:1      | Reached XP level 3. HP: 18/18 MP: 4/4
   552 | D:1      | 552 ||| READING scroll labelled OHEECEDYSK.
   555 | D:1      | 555 ||| DROPPING scroll of butterflies.
   694 | D:2      | Found Gybbol Sayn's Magic Scroll Emporium.
   697 | D:2      | 697 ||| SHOPLISTING scroll of enchant armour (105 gold,
                  | have 59).
   697 | D:2      | 697 ||| SHOPLISTING scroll of enchant weapon (105 gold,
                  | have 59).
   697 | D:2      | 697 ||| BUYING scroll of identify (28 gold).
   697 | D:2      | Bought a scroll of identify for 28 gold pieces
   697 | D:2      | 697 ||| BUYING scroll of identify (28 gold).
   697 | D:2      | Bought a scroll of identify for 28 gold pieces
   697 | D:2      | 697 ||| SHOPLISTING scroll of identify (28 gold, have 3).
  1088 | D:2      | Noticed Terence
  1094 | D:2      | HP: 1/18 [Terence/+0 trident (11)]
  1094 | D:2      | Slain by an adder

Levels and vault maps discovered:
D:1:      onia_arrival_pyramid, layout_rooms, hellmonk_ecumenical_altar_blasted,
          nicolae_figureground_sparkle
D:2:      layout_loops_ring, serial_shops, nicolae_shop_real_fake_doors,
          uniq_terence

Skill      XL: |  1  2 |
---------------+-------+-----
Dodging        | 3 4 |  4.0
Fighting       | |  1.5
Ranged Weapons | |  4.7
Stealth        | |  1.5

Action                     || total
---------------------------++-------
   Fire: Shortbow          ||   111
    Use: Scroll            ||     1
 Armour: Robe              ||     9
  Dodge: Dodged            ||    34

Table legend:
 A = Non-vault XP
 B = Vault XP
 C = Vault XP percentage of total XP
 D = Non-vault monster count
 E = Vault monster count
 F = Vault count percentage of total count
                 A         B        C        D         E       F
            +---------+---------+-------+---------+---------+-------
      Total |      66 |       0 |   0.0 |      39 |       0 |   0.0
            +---------+---------+-------+---------+---------+-------
        D:1 |      51 |       0 |   0.0 |      31 |       0 |   0.0
        D:2 |      15 |       0 |   0.0 |       8 |       0 |   0.0
            +---------+---------+-------+---------+---------+-------
